 Dungeon Sprint DCSS version 0.31.0-32-g396128a36d (webtiles) character file.

Game seed: 1997496357832939035

38 Groucho the Trooper (level 3, -3/33 HPs)
             Began as a Ghoul Gladiator on Mar 22, 2024.
             Incinerated by a bombardier beetle (4 damage)
             ... with a burning spray
             ... in the Dungeon (Sprint IX: "|||||||||||||||||||||||||||||").
             The game lasted 00:00:19 (30 turns).

Groucho the Trooper (Ghoul Gladiator)                 Turns: 30, Time: 00:00:20

Health: -3/33      AC:  4    Str: 19    XL:     3   Next: 43%
Magic:  3/3        EV: 12    Int:  7    God:
Gold:   0          SH:  0    Dex: 10    Spells: 2/2 levels left

rFire   . . .        a - +0 trident
rCold   + . .        (no shield)
rNeg    + + +        b - +0 leather armour
rPois   ∞            c - +0 helmet
rElec   .            (no cloak)
rCorr   .            (no gloves)
SInv    .            (no boots)
Will    .....        (no amulet)
Stlth   +            (no ring)
HPRegen 0.00/turn    (no ring)
MPRegen 0.08/turn

%: no teleportation
@: on fire, inhibited regen, glowing
A: claws 1, cold resistance 1, negative energy resistance 3, inhibited
regeneration, torment resistance 2, devour on kill
a: no special abilities


You were in the Dungeon.
You visited 1 branch

Inventory:

Hand Weapons
 a - a +0 trident (weapon)
Missiles
 d - 3 throwing nets (quivered)
 e - a javelin
Armour
 b - a +0 leather armour (worn)
 c - a +0 helmet (worn)
Scrolls
 j - a scroll of blinking
Potions
 f - a potion of curing
 g - a potion of heal wounds
 h - a potion of haste
 i - 2 potions of magic


   Skills:
 + Level 4.1 Fighting
 + Level 4.0 Polearms
 - Level 1.7 Throwing
 + Level 2.6 Armour
 + Level 4.0 Dodging


You had 2 spell levels left.
You didn't know any spells.
Your spell library was empty.

Dungeon Overview and Level Annotations

Branches:
Dungeon (1/1)

Altars:


Innate Abilities, Weirdness & Mutations

You are immune to poison.
You have sharp fingernails.
Your flesh is cold resistant. (rC+)
You are immune to negative energy. (rN+++)
You do not regenerate when monsters are visible.
You are immune to unholy pain and torment.
You thrive by killing the living.


Message History

You kill the bombardier beetle!
You feel better. The liquid fire burns you!
Your Fighting skill increases to level 4!
Your Polearms skill increases to level 4!
Your Armour skill increases to level 2!
Your Dodging skill increases to level 4!
You have reached level 3!
Your experience leads to an increase in your attributes!
Increase (S)trength, (I)ntelligence, or (D)exterity?
You feel stronger. x2
Unknown command.
Unknown command.
You puncture the adder!
The adder is severely wounded.
The liquid fire burns you! The adder bites you. The adder barely misses you.
You are too injured to fight recklessly!
You are too injured to fight recklessly!
You are too injured to fight recklessly!
Unknown command.
You are too injured to fight recklessly!
You are too injured to fight recklessly!
Unknown command.
You closely miss the adder.
The adder is severely wounded.
The liquid fire burns you!
* * * LOW HITPOINT WARNING * * *
The adder misses you.
You barely miss the adder.
The adder is severely wounded.
The liquid fire burns you!
* * * LOW HITPOINT WARNING * * *
The adder bites you.
* * * LOW HITPOINT WARNING * * *
The adder bites you but does no damage.
You barely miss the adder.
The adder is severely wounded.
The liquid fire burns you!
You die...

▓+▓
▓.▓
▓.▓
▓B▓
▓O▓
▓J▓
▓S▓
▓@▓
▓.▓
▓.▓
▓.▓
▓)▓
▓†▓
▓.▓
▓.▓
▓.▓


You could see an ogre, a bombardier beetle, a jelly and an adder.

Vanquished Creatures
  A bombardier beetle (D)
  2 dart slugs (D)
  A goblin (D)
  2 ball pythons (D)
6 creatures vanquished.

Notes
Turn   | Place    | Note
-------+----------+-------------------------------------------
     0 | D        | Groucho the Ghoul Gladiator began the quest for the Orb.
     0 | D        | Reached XP level 1. HP: 17/17 MP: 1/1
    10 | D        | Reached skill level 1 in Armour
    13 | D        | Reached XP level 2. HP: 22/26 MP: 2/2
    22 | D        | Noticed a bombardier beetle
    22 | D        | Noticed an ogre
    22 | D        | Noticed a bombardier beetle
    26 | D        | Killed a bombardier beetle
    27 | D        | Reached XP level 3. HP: 22/33 MP: 3/3
    29 | D        | HP: 1/33 [adder (2)]
    30 | D        | Incinerated by a bombardier beetle

Illustrated notes

Levels and vault maps discovered:
D:        linesprint [early_d, line_temple, items_1, d_10, items_2, lair_1,
          lair_end, items_3, orc_1, orc_end, items_4, d_15, swamp_1, shoals_1,
          snake_1, spider_1, d_20, vaults_1, items_5, swamp_end, shoals_end,
          snake_end, spider_end, vaults_end, d_27, items_6, zot_1, zot_end,
          crypt_end, forest_end, elf_end, slime_end, tomb_end, abyss_end,
          pan_hell_end]

Skill      XL: |  1  2 |
---------------+-------+-----
Polearms       | 3 4 |  4.0
Armour         | 1 2 |  2.6
Dodging        | 3 4 |  4.0
Fighting       | 3 4 |  4.1
Throwing       | |  1.7

Action                     || total
---------------------------++-------
  Melee: Trident           ||    19
 Armour: Leather armour    ||     7
  Dodge: Dodged            ||     8
